 Dungeon Crawl Stone Soup version 0.21-a0-529-g8c7b3f5 (webtiles) character file.

233 slep the Chopper (level 6, 0/47 HPs)
             Began as a Barachi Gladiator on Dec 11, 2017.
             Succumbed to a worker ant's poison
             ... on level 4 of the Dungeon.
             The game lasted 00:06:17 (2250 turns).

slep the Chopper (Barachi Gladiator)                Turns: 2250, Time: 00:06:18

Health: 0/47       AC:  6    Str: 19 (21) XL:     6   Next: 4%
Magic:  6/6        EV: 14    Int:  6 (8)  God:
Gold:   151        SH:  0    Dex: 14 (15) Spells: 5/5 levels left

rFire    . . .     SeeInvis .   a - +0 war axe
rCold    . . .     Gourm    .   (no shield)
rNeg     . . .     Faith    .   b - +0 leather armour
rPois    .         Spirit   .   c - +0 helmet
rElec    .         Reflect  .   (no cloak)
rCorr    .         Harm     .   s - +0 pair of gloves
MR       .....                  (no boots)
Stlth    +.........             r - amulet of inaccuracy (curse)
HPRegen  0.15/turn              n - +1 ring of protection
MPRegen  0.10/turn              (no ring)

@: mighty, lethally poisoned (0 -> -9), slow
A: +LOS, swims, slowness 1, strong legs 1
a: Hop


You were on level 4 of the Dungeon.
You were not hungry.

You visited 1 branch of the dungeon, and saw 4 of its levels.

You collected 151 gold pieces.

Inventory:

Hand Weapons
 a - a +0 war axe (weapon)
Missiles
 d - 3 throwing nets (quivered)
Armour
 b - a +0 leather armour (worn)
 c - a +0 helmet (worn)
 s - a +0 pair of gloves (worn)
Jewellery
 n - a +1 ring of protection (left hand)
 r - a cursed amulet of inaccuracy (around neck)
Scrolls
 i - 5 scrolls of identify {unknown}
 o - a scroll of random uselessness {unknown}
 p - a scroll of noise {unknown}
 q - 3 scrolls of teleportation {unknown}
 u - a scroll of enchant armour {unknown}
Potions
 g - a potion of degeneration
 h - a potion of mutation {unknown}
 j - a potion of heal wounds {unknown}
 l - a potion of agility {unknown}
Comestibles
 f - a bread ration
 k - 3 royal jellies
 m - a meat ration


   Skills:
 + Level 3.3 Fighting
 + Level 5.4 Axes
 + Level 2.0 Throwing
 + Level 2.3 Armour
 + Level 4.4 Dodging
 + Level 0.8 Stealth


You had 5 spell levels left.
You didn't know any spells.

Dungeon Overview and Level Annotations

Branches:
Dungeon (3/15)

Altars:
Ashenzari
Fedhas
Kikubaaqudgha
Makhleb
Sif Muna
Trog
Xom
Zin
The Shining One


Innate Abilities, Weirdness & Mutations

Shadows flee at your approach. (+LOS)
You can swim through water.
You cover ground slowly.
You can hop short distances.


Message History

You miss the worker ant.
The worker ant is severely wounded.
* * * LOW HITPOINT WARNING * * *
You feel sick.
The worker ant bites you but does no damage.
The worker ant closely misses you.
You closely miss the worker ant.
The worker ant is severely wounded.
* * * LOW HITPOINT WARNING * * *
You feel sick. The worker ant closely misses you.
It was a potion of degeneration.
There was something very wrong with that liquid.
You feel weakened.
You feel dopey.
You feel clumsy.
* * * LOW HITPOINT WARNING * * *
You feel sick.
The worker ant bites you but does no damage.
The worker ant misses you.
It was a potion of might.
You feel very mighty all of a sudden.
You die...

#.# #.# #.# # #.#
#. #.# ##.# #.###
..# ##...##...# ..#
###....a###.####..#
........@.........#
###.....###.#####.#
##..........###.#
##.#####....##.# #
## ###..##.# .#
#..##.###.#
#.........#
##.##...###
#.####.#


You could see a worker ant.

Vanquished Creatures
  A bullfrog (D:2)
  6 gnolls
  5 adders
  2 worms
  3 dart slugs
  3 leopard geckos
  An orc (D:3)
  6 bats
  5 giant cockroaches
  4 goblins
  5 hobgoblins
  A quokka (D:3)
  3 frilled lizards (D:2)
  2 kobolds (D:2)
  8 rats
55 creatures vanquished.

Notes
Turn   | Place    | Note
-------+----------+-------------------------------------------
     0 | D:1      | slep the Barachi Gladiator began the quest for the Orb.
     0 | D:1      | Reached XP level 1. HP: 17/17 MP: 1/1
    36 | D:1      | Reached XP level 2. HP: 20/23 MP: 2/2
  1018 | D:2      | Reached skill level 4 in Axes
  1020 | D:2      | Reached XP level 3. HP: 21/28 MP: 3/3
  1041 | D:2      | Reached skill level 1 in Armour
  1109 | D:2      | Reached XP level 4. HP: 25/34 MP: 4/4
  1223 | D:2      | Noticed a bullfrog
  1230 | D:2      | Killed a bullfrog
  1230 | D:2      | Reached XP level 5. HP: 21/41 MP: 5/5
  1404 | D:2      | Noticed a moth of wrath
  1405 | D:2      | Found a bloodstained altar of Trog.
  1414 | D:2      | Reached skill level 5 in Axes
  1643 | D:3      | HP: 2/41 [gnoll/spear (6)]
  2086 | D:3      | Reached XP level 6. HP: 16/47 MP: 6/6
  2100 | D:3      | Found a blossoming altar of Fedhas.
  2101 | D:3      | Found a glowing golden altar of the Shining One.
  2101 | D:3      | Found a deep blue altar of Sif Muna.
  2102 | D:3      | Found an ancient bone altar of Kikubaaqudgha.
  2103 | D:3      | Found a shimmering altar of Xom.
  2106 | D:3      | Found a shattered altar of Ashenzari.
  2107 | D:3      | Found a burning altar of Makhleb.
  2108 | D:3      | Found a glowing silver altar of Zin.
  2206 | D:3      | You fall through a shaft!
  2248 | D:4      | HP: 2/47 [poisoned by a worker ant]
  2250 | D:4      | Succumbed to a worker ant's poison

Vault maps used:
D:1:      dpeg_arrival_rooms_a, minmay_misc_feat_enclosed
D:2:      lemuel_upstairs_altar, tgw_trog
D:3:      minitemple
D:4:      st_stairs_13, cheibriados_altar_1

Skill      XL: |  1  2  3  4  5 |
---------------+----------------+-----
Axes           | 4 5 |  5.4
Armour         | 1 2 |  2.3
Dodging        | 4 |  4.4
Fighting       | 3 |  3.3
Throwing       | |  2.0
Stealth        | |  0.8

Action                   |  1- 3 |  4- 6 || total
-------------------------+-------+-------++-------
Melee: War axe           |    59 |   153 ||   212
  Use: Potion            |       |     2 ||     2
 Stab: Sleeping          |       |     2 ||     2
  Eat: Chunk             |     1 |     5 ||     6
Armor: Leather armour    |    18 |    41 ||    59
Dodge: Dodged            |    48 |   144 ||   192

Table legend:
 A = Spawn XP
 B = Non-spawn XP
 C = Spawn XP percentage of total XP
 D = Spawn monster count
 E = Non-spawn monster count
 F = Spawn count percentage of total count
 G = Total turns spent on level
                    A         B        C        D         E        F      G
               +---------+---------+-------+---------+---------+-------+---------
         Total |       0 |     333 |   0.0 |       0 |      55 |   0.0 |  2250
               +---------+---------+-------+---------+---------+-------+---------
           D:1 |       0 |      31 |   0.0 |       0 |      13 |   0.0 |  1011
           D:2 |       0 |     201 |   0.0 |       0 |      28 |   0.0 |   577
           D:3 |       0 |     101 |   0.0 |       0 |      14 |   0.0 |   618
               +---------+---------+-------+---------+---------+-------+---------
